Map: Orbital Shipyard

Players

Frozzen - Winner!

  • Race: Zerg Zerg

A.I. 1 (Medium)

  • Race: Zerg Zerg

VOD

Have the link to the VOD?

Description

Time

  • Played on: Nov. 13, 2015, 10:53 a.m.
  • Length: 10:18
Show
View Real Time Build Order
Export as new Build Order

Frozzen Zerg - Winner!

Build Orders: Hatch First 

Get SALT Encoding   

  12  0:01  Drone  
  13  0:13  Overlord  
  13  0:24  Drone  
  14  0:32  Drone x2  
  16  0:38  Drone  
  17  0:57  Hatchery  
  17  0:58  Drone  
  17  0:59  Drone  
  18  1:10  Drone  
  19  1:18  Spawning Pool  
  19  1:19  Drone  
  19  1:31  Drone  
  20  1:37  Extractor  
  20  1:39  Overlord  
  19  2:05  Queen  
  19  2:06  Zergling x4  
  23  2:08  Queen  
  23  2:09  Drone  
  23  2:13  Drone  
  27  2:20  Drone  
  28  2:27  Drone  
  29  2:34  Drone x2  
  31  2:40  Metabolic Boost  
  31  2:41  Overlord  
  31  2:44  Queen  
  31  2:45  Drone  
  34  2:55  Drone  
  34  2:58  Overlord  
  35  3:03  Zergling x2  
  35  3:09  Roach Warren, Drone  
  35  3:13  Drone  
  35  3:14  Drone x3  
  35  3:16  Drone  
  35  3:18  Drone  
  41  3:20  Drone, Extractor  
  41  3:21  Drone  
  42  3:30  Spine Crawler  
  42  3:33  Zergling x4  
  43  3:42  Extractor  
  43  3:45  Drone x5  
  43  3:48  Overlord  
  47  3:49  Overlord  
  47  3:54  Roach x2  
  51  4:09  Drone x3  
  54  4:13  Roach  
  56  4:18  Roach x2  
  56  4:22  Hatchery  
  59  4:30  Drone x2  
  59  4:31  Drone x2, Roach  
  63  4:32  Roach  
  63  4:34  Ravager  
  63  4:37  Overlord  
  68  5:03  Roach  
  68  5:04  Roach x3  
  75  5:08  Overlord x3  
  75  5:11  Lair  
  75  5:18  Evolution Chamber x2  
  75  5:19  Drone x2  
  75  5:27  Drone  
  76  5:29  Drone x4  
  80  5:41  Roach x4  
  86  5:48  Drone  
  86  5:49  Queen  
  89  5:54  Zerg Ground Armor Level 1  
  89  5:55  Zerg Missile Weapons Level 1  
  89  5:59  Drone x2  
  89  6:00  Drone  
  89  6:01  Hatchery, Drone  
  89  6:02  Drone x4  
  96  6:05  Drone x2  
  96  6:09  Ravager x2  
  96  6:10  Ravager x4  
  104  6:15  Overseer  
  104  6:19  Extractor  
  104  6:21  Drone x3, Extractor  
  104  6:22  Drone  
  104  6:23  Overlord x2, Extractor  
  105  6:50  Drone x4  
  105  6:51  Drone  
  105  6:52  Drone x4  
  114  6:57  Drone, Hydralisk Den  
  114  6:58  Overlord x2  
  114  6:59  Overlord x2  
  114  7:15  Overlord x3  
  114  7:35  Hydralisk  
  114  7:36  Hydralisk x14  
  144  7:45  Hatchery  
  144  7:47  Spore Crawler, Spine Crawler, Drone x2  
  144  7:50  Burrow  
  143  7:52  Spore Crawler  
  143  7:54  Spore Crawler, Muscular Augments  
  143  7:58  Zergling x10  
  146  8:19  Hydralisk x5  
  150  8:20  Hydralisk  
  150  8:22  Roach x3  
  161  8:47  Hydralisk x6  
  161  8:48  Hydralisk  
  172  8:49  Overlord x2  
  172  8:50  Overlord x2  
  168  9:39  Zergling x20  
  168  9:40  Zergling x16  
  168  9:42  Roach  
  168  9:43  Roach x5  
Show
View Real Time Build Order
Export as new Build Order

A.I. 1 (Medium) Zerg 

Build Orders: Pool First 

Get SALT Encoding   

  12  0:00  Drone  
  13  0:12  Overlord  
  13  0:17  Drone  
  14  0:30  Drone  
  14  0:33  Drone  
  16  0:43  Spawning Pool  
  16  0:44  Drone  
  16  0:48  Drone  
  17  0:52  Extractor  
  17  0:55  Drone  
  17  1:05  Overlord  
  17  1:31  Zergling x2  
  17  1:32  Queen  
  20  1:36  Roach Warren  
  20  1:37  Extractor  
  20  1:38  Drone  
  19  1:41  Zergling x2  
  20  1:49  Drone  
  21  1:59  Drone  
  22  2:10  Overlord  
  22  2:21  Roach  
  24  2:29  Baneling Nest  
  23  2:31  Drone  
  23  2:33  Evolution Chamber  
  23  2:38  Drone  
  23  2:39  Roach  
  23  2:41  Drone  
  27  2:45  Drone  
  27  2:49  Ravager  
  29  2:54  Roach  
  31  3:04  Overlord  
  31  3:05  Ravager  
  32  3:11  Roach  
  32  3:12  Drone  
  35  3:16  Drone  
  36  3:20  Drone  
  37  3:27  Drone  
  38  4:59  Lair, Drone, Roach, Overlord  
  41  5:00  Spore Crawler  
  41  5:01  Spore Crawler  
  41  5:02  Drone  
  41  5:05  Drone  
  41  5:07  Drone  
  41  5:13  Hatchery  
  41  5:14  Drone  
  42  5:17  Roach  
  42  5:20  Overlord  
  46  5:28  Roach  
  46  5:35  Spine Crawler  
  45  5:36  Drone  
  45  5:39  Zergling x2  
  35  5:50  Roach  
  35  5:54  Spine Crawler  
  36  5:57  Hydralisk Den, Overseer x2  
  36  5:58  Drone  
  36  6:00  Infestation Pit  
  36  6:01  Drone, Roach  
  38  6:08  Queen  
  40  6:23  Spire  
  40  6:24  Drone  
  40  6:27  Hydralisk  
  40  6:28  Drone  
  44  6:32  Drone  
  44  6:36  Drone  
  44  6:38  Hydralisk  
  44  6:39  Drone  
  48  6:42  Drone  
  48  6:45  Drone  
  50  6:48  Drone  
  51  6:54  Drone  
  51  6:56  Spore Crawler, Hydralisk  
  51  6:57  Drone  
  51  7:00  Drone  
  55  7:03  Drone  
  55  7:06  Drone, Hydralisk  
  59  7:10  Spore Crawler  
  59  7:14  Queen  
  60  7:17  Drone  
  60  7:18  Overlord  
  61  7:25  Drone  
  61  7:27  Evolution Chamber  
  61  7:28  Drone  
  62  7:31  Drone  
  62  7:34  Drone  
  65  7:37  Drone  
  65  7:38  Spine Crawler  
  65  7:40  Drone  
  65  7:42  Drone  
  66  7:49  Drone, Spine Crawler  
  66  7:52  Drone  
  67  8:26  Extractor  
  67  8:27  Drone  
  67  8:32  Extractor  
  67  8:33  Drone  
  67  8:39  Zergling x2  
  67  8:47  Overlord, Overseer  
  49  8:49  Drone  
  49  8:50  Roach  
  52  9:01  Roach  
  54  9:06  Overlord  
  52  9:12  Hydralisk  
  52  9:13  Overseer  
  52  9:15  Queen  
  47  9:20  Zergling x2  
  41  9:24  Overlord  
  41  9:27  Zergling x2  
  26  9:51  Overlord  
Tags
 
Add a new tag
Caveats
  • Supply blocks, unpowered buildings, or Contaminate may cause inaccurate times.
  • Supply counts are checked every 10 seconds.